 Dungeon Crawl Stone Soup version 0.31-a0-835-g2a3a5bc3be (webtiles) character file.

Game seed: 12536156465017432820

54149 Essalna the Destroyer (level 14, -3/96 HPs)
             Began as a Gargoyle Fire Elementalist on Sept 26, 2023.
             Was an Elder of Vehumet.
             Slain by Jaike's ghost (9 damage)
             ... on level 2 of the Lair of Beasts.
             The game lasted 00:53:43 (23022 turns).

Essalna the Destroyer (Gargoyle Fire Elementalist) Turns: 23022, Time: 00:53:43

Health: -3/96      AC: 21    Str: 13    XL:     14   Next: 71%
Magic:  29/29      EV: 13    Int: 20    God:    Vehumet [****..]
Gold:   1199       SH:  0    Dex: 10    Spells: 14/21 levels left

rFire   . . .        Z - +10 dark maul {heavy}
rCold   . . .        (shield currently unavailable)
rNeg    + . .        y - +0 troll leather armour
rPois   ∞            V - +1 helmet
rElec   +            S - +2 cloak {Stlth+}
rCorr   .            C - +0 pair of gloves
SInv    .            (no boots)
Will    ++...        x - amulet of the acrobat
Stlth   +++          N - ring of magical power
HPRegen 1.16/turn    H - ring of willpower
MPRegen 0.21/turn

%: acrobat
@: on berserk cooldown, flying, slowed, studying Shields, very slow
A: sickness immunity, AC +10, big wings, negative energy resistance 1,
electricity resistance, torment resistance 1, petrification resistance
a: Renounce Religion


You were on level 2 of the Lair of Beasts.
You worshipped Vehumet.
Vehumet was greatly pleased with you.
You visited 4 branches of the dungeon, and saw 19 of its levels.
You also visited: Bailey and Gauntlet.

You collected 1826 gold pieces.
You spent 627 gold pieces at shops.

Inventory:

Hand Weapons
 u - the +4 long sword "Kies" {spect, Int+3}
   (You found it on level 4 of the Dungeon)

   Int+3:     It affects your intelligence (+3).
 Z - the +10 dark maul (weapon) {heavy}
   (You took it off a minotaur in a Gauntlet)
Missiles
 k - 8 throwing nets
Armour
 a - a +1 robe
 r - a +2 hat
 y - a +0 troll leather armour (worn)
 z - a scarf of invisibility
 C - a +0 pair of gloves (worn)
 S - a +2 cloak of stealth (worn)
 V - a +1 helmet (worn)
Magical Staves
 P - a staff of conjuration
Jewellery
 x - an amulet of the acrobat (around neck)
 E - a +6 ring of dexterity
 H - a ring of willpower (right hand)
 I - a +5 ring of evasion
 K - a +4 ring of slaying
 N - a ring of magical power (left hand)
 Q - a ring of flight
 Y - the ring "Viwkon" {rElec Str+6}
   (You found it in a Gauntlet)

   [ring of strength]

   Str+6:     It affects your strength (+6).
   rElec:     It insulates you from electricity.
Wands
 l - a wand of iceblast (13)
 L - a wand of polymorph (13)
 M - a wand of flame (24)
 O - a wand of mindburst (7)
 R - a wand of paralysis (9)
Scrolls
 f - a scroll of blinking
 h - 11 scrolls of identify
 i - 12 scrolls of teleportation
 m - 2 scrolls of enchant weapon
 n - 2 scrolls of silence
 o - 6 scrolls of vulnerability
 t - a scroll of fear
 w - 16 scrolls of enchant armour
 B - 4 scrolls of amnesia
 F - 8 scrolls of fog
 G - 3 scrolls of noise
 J - 2 scrolls of immolation
Potions
 b - a potion of magic
 c - 5 potions of lignification
 d - a potion of haste
 e - 2 potions of might
 j - 16 potions of curing
 p - a potion of degeneration {unknown}
 q - a potion of ambrosia
 s - 3 potions of resistance
 v - 2 potions of heal wounds
 A - a potion of invisibility
 D - a potion of brilliance
 T - a potion of mutation
 U - 3 potions of cancellation
 W - 2 potions of attraction
Miscellaneous
 X - a lightning rod (4/4)


   Skills:
 + Level 14.0 Fighting
 - Level 8.4 Armour
 - Level 7.0 Dodging
 - Level 2.1 Stealth
 - Level 4.0 Spellcasting
 + Level 14.1 Conjurations
 + Level 13.3 Fire Magic
 - Level 4.0 Evocations


You had 14 spell levels left.
You knew the following spells:

 Your Spells              Type           Power      Damage    Failure   Level
a - Foxfire               Conj/Fire      100%       2x1d9     1%          1
b - Scorch                Fire           100%       2d9       1%          2
c - Flame Wave            Conj/Fire      56%        2d13      1%          4

Your spell library contained the following spells:

 Spells                   Type           Power      Damage    Failure   Level
 Conjure Ball Lightning   Conj/Air       16%        3x3d6     32%         6
 Magic Dart               Conj           100%       1d8       1%          1
 Momentum Strike          Conj/Tloc      64%        3d9       1%          2
 Searing Ray              Conj           100%       2d8       1%          2
 Inner Flame              Hex/Fire       30%        N/A       1%          3
 Mephitic Cloud           Conj/Pois/Air  22%        N/A       1%          3
 Stone Arrow              Conj/Erth      64%        3d11      1%          3
 Volatile Blastmotes      Fire/Tloc      60%        2d15      1%          3
 Ignite Poison            Fire/Tmut/Pois 21%        N/A       2%          3
 Brom's Barrelling Bould  Conj/Erth      32%        2d5       2%          4
 Fulminant Prism          Conj/Hex       16%        3d10      2%          4
 Sandblast                Erth           8%         2d5       4%          1
 Arcjolt                  Conj/Air       16%        1d26      7%          5
 Irradiate                Conj/Tmut      16%        3d17      7%          5
 Freezing Cloud           Conj/Ice/Air   11%        6-21      17%         5
 Blink                    Tloc           8%         N/A       24%         2
 Call Imp                 Summ           8%         N/A       24%         2
 Ensorcelled Hibernation  Hex/Ice        8%         N/A       24%         2
 Lesser Beckoning         Tloc           8%         N/A       24%         2
 Passwall                 Tmut/Erth      3%         N/A       24%         2
 Wereblood                Tmut           4%         N/A       24%         2
 Ozocubu's Armour         Ice            4%         N/A       43%         3
 Swiftness                Air            4%         N/A       43%         3
 Animate Armour           Summ/Erth      8%         N/A       83%         4
 Dispel Undead            Necr           4%         3d7       83%         4
 Manifold Assault         Tloc           4%         N/A       83%         4
 Vhi's Electric Charge    Tloc/Air       8%         N/A       83%         4
 Death Channel            Necr           2%         N/A       100%        6
 Ozocubu's Refrigeration  Ice            2%         4d7       100%        7
 Lehudib's Crystal Spear  Conj/Erth      16%        10d5      100%        8
 Maxwell's Capacitive Co  Air            2%         ∞         100%        8
 Cigotuvi's Dreadful Rot  Necr/Pois/Air  Unusable   N/A       N/A         2

Dungeon Overview and Level Annotations

Branches:
Dungeon (12/15)            Temple (1/1) D:7            Lair (5/5) D:10
  Swamp (0/4) Lair:2       Spider (0/4) Lair:3        Slime (0/5) Lair:5
    Orc (1/2) D:10         Bailey (visited)         Gauntlet (visited)

Altars:
Ashenzari
Cheibriados
Dithmenos
Elyvilon
Fedhas
Gozag
Hepliaklqana
Kikubaaqudgha
Nemelex Xobeh
Okawaru
Qazlal
Ru
Sif Muna
Trog
Uskayaw
Vehumet
Wu Jian
Xom
Yredelemnul
Zin
The Shining One
Jiyva

Shops:
D:4 !   D:5 [   D:6 ?   D:10 =

Annotations:
D:10 1 runed translucent door, Essalna's ghost, journeyman GrEE
Lair:2 Jaike's ghost, journeyman DjCA


Innate Abilities, Weirdness & Mutations

You are immune to sickness and miasma.
Your stone body is resilient. (AC +10)
You are immune to poison.
Your large and strong wings let you fly.
You resist negative energy. (rN+)
You are resistant to electric shocks. (rElec)
You are resistant to unholy torment.
You are immune to petrification.


Message History

Jaike's ghost gestures wildly while chanting.
Jaike's ghost emits a burst of electricity!
You resist.
You are struck by an electric surge!
* * * LOW HITPOINT WARNING * * *
Jaike's ghost hits you but does no damage.
Jaike's ghost dodges and says, "Too slow!"
Jaike's ghost hits you but does no damage.
Hit: Z) +10 dark maul {heavy}
Press: ? - help, Dir - move target, f/p - Jaike's ghost
Aim: Jaike's ghost, wielding a weapon of draining (lightly damaged, about 52% to evade the +10 dark maul)
You barely miss Jaike's ghost.
Jaike's ghost is lightly damaged.
Jaike's ghost hits you!
* * * LOW HITPOINT WARNING * * *
Jaike's ghost gestures wildly while chanting.
Hit: Z) +10 dark maul {heavy}
Press: ? - help, Dir - move target, f/p - Jaike's ghost
Aim: Jaike's ghost, wielding a weapon of draining (lightly damaged, about 52% to evade the +10 dark maul)
You hit Jaike's ghost but do no damage.
Jaike's ghost is lightly damaged.
Jaike's ghost says, "Missed me!"
Jaike's ghost hits you.
* * * LOW HITPOINT WARNING * * *
Jaike's ghost points at you and mumbles some strange words.
Your body is wracked with pain!
* * * LOW HITPOINT WARNING * * *
Jaike's ghost misses you.
Hit: Z) +10 dark maul {heavy}
Press: ? - help, Dir - move target, f/p - Jaike's ghost
Aim: Jaike's ghost, wielding a weapon of draining (lightly damaged, about 52% to evade the +10 dark maul)
You flatten Jaike's ghost like a pancake!!!!
Jaike's ghost is severely damaged.
You are no longer berserk.
You are exhausted.
You feel yourself slow down.
The river rat bites you but does no damage.
Jaike's ghost hits you!
* * * LOW HITPOINT WARNING * * *
The river rat misses you. The quokka barely misses you. Jaike's ghost hits you!
You die...

## #.........#############
#.........# ####.⌠.)## #
####.........# ##..#....8# ###
##PP#.........###...#.....? #..
..P.......####.##...'...... ##.
.........#######....'.....⌠ ##.
.........##.## #.b..'...... #..
.(...........####W..#.....=####..
.....#........##@r..#....8##.#...
...###..)........r..#.⌠.)###.....
...# #..............######P#.....
...###...........................
....##...P##.#......#.##.........
...##....######......##..........
..........# #.......##..........
#...#....#####......###..........
###.....##..........####.....##..


You could see Jaike's ghost, a river rat (summoned), a quokka (summoned) and a
bat (summoned).

Vanquished Creatures
  A minotaur (Gauntlet)
  Harold (Lair:2)
  An ice dragon (Lair:5)
  2 hydras
  The ghost of Mindmass the Destroyer, a journeyman HuCj of Sif Muna (Lair:2)
  5 two-headed ogres
  2 boulder beetles
  A centaur warrior (D:10)
  5 death yaks
  A skyshark (Lair:2)
  A lindwurm (Lair:5)
  Pikel (D:7)
  3 ugly things
  4 oklob plants (Lair:1)
  An orc knight (Bailey)
  The ghost of hitsuchi the Cleaver, a novice MeWn of Okawaru (D:7)
  A manticore (D:10)
  3 cyclopes
  Maurice (D:11)
  3 black mambas
  6 torpor snails
  14 cane toads
  2 rime drakes
  A kobold demonologist (D:10)
  8 komodo dragons
  A minotaur zombie (Gauntlet)
  3 polar bears (Lair:3)
  5 trolls
  6 tyrant leeches
  10 blink frogs
  8 hornets
  2 slime creatures (Gauntlet)
  A jumping spider (Lair:3)
  13 flying skulls (Gauntlet)
  4 wraiths
  2 basilisks
  22 yaks
  4 wyverns
  A steam dragon (D:10)
  2 acid dragons (D:9)
  A warg (D:10)
  22 water moccasins
  15 orc warriors
  3 sky beasts
  10 black bears
  24 wolves
  2 ogres
  5 centaurs
  2 lemures (D:7)
  A phantom (D:6)
  5 kobold brigands
  Blork the orc (D:5)
  12 bullfrogs
  4 scorpions
  11 wights
  15 killer bees
  5 electric eels
  6 howler monkeys
  3 jellies
  A crimson imp (D:4)
  5 quasits (D:7)
  A gnoll bouda (D:5)
  4 hounds
  4 orc priests
  3 sleepcaps (D:6)
  10 orc wizards
  2 iguanas (D:5)
  6 hell rats (Lair:1)
  7 adders
  14 gnolls
  2 white imps
  An ufetubus (D:5)
  5 worms
  2 dart slugs
  56 orcs
  8 ball pythons
  5 bats
  9 endoplasms
  4 giant cockroaches
  17 goblins
  4 hobgoblins
  2 jackals (D:2)
  3 quokkas
  2 frilled lizards
  18 kobolds
  8 rats
504 creatures vanquished.

Vanquished Creatures (collateral kills)
  A cane toad (Lair:2)
  73 foxfires
74 creatures vanquished.

Vanquished Creatures (others)
  1273 foxfires
  A spectral weapon (Lair:2)
1274 creatures vanquished.

Grand Total: 1852 creatures vanquished

Notes
Turn   | Place    | Note
-------+----------+-------------------------------------------
     0 | D:1      | Essalna the Gargoyle Fire Elementalist began the quest for
                  | the Orb.
     0 | D:1      | Reached XP level 1. HP: 10/10 MP: 3/3
   174 | D:1      | Reached XP level 2. HP: 15/15 MP: 0/5
   960 | D:1      | Reached XP level 3. HP: 15/19 MP: 2/6
  1698 | D:2      | Learned a level 2 spell: Scorch
  2054 | D:2      | Reached XP level 4. HP: 24/24 MP: 4/8
  2389 | D:2      | Reached skill level 1 in Fighting
  2596 | D:3      | Reached XP level 5. HP: 19/29 MP: 3/9
  3409 | D:3      | Reached XP level 6. HP: 35/35 MP: 8/11
  3642 | D:3      | Found a shimmering altar of Xom.
  3642 | D:3      | Found an ornate altar of the Wu Jian Council.
  3648 | D:3      | Found a faded altar of an unknown god.
  3650 | D:3      | Found a blossoming altar of Fedhas.
  3652 | D:3      | Found a faded altar of an unknown god.
  4047 | D:4      | Found Leohamn's Distillery.
  4119 | D:4      | Identified the +4 long sword "Kies" {spect, Int+3}
  4127 | D:4      | Bought a potion of heal wounds for 60 gold pieces
  4127 | D:4      | Bought a potion of curing for 36 gold pieces
  4802 | D:4      | Reached XP level 7. HP: 41/41 MP: 6/12
  5168 | D:4      | Learned a level 4 spell: Flame Wave
  5466 | D:5      | Entered Level 5 of the Dungeon
  5511 | D:5      | Noticed Blork the orc
  5514 | D:5      | Reached skill level 5 in Fire Magic
  5518 | D:5      | Killed Blork the orc
  6038 | D:5      | Reached skill level 5 in Conjurations
  6038 | D:5      | Reached XP level 8. HP: 48/48 MP: 14/14
  6041 | D:5      | Found Wentenij's Antique Armour Emporium.
  6076 | D:5      | Bought a glowing scarf for 232 gold pieces
  6972 | D:6      | Found Irghun Omenn's Magic Scroll Emporium.
  6976 | D:6      | Reached skill level 5 in Fighting
  6988 | D:6      | Bought a scroll of teleportation for 39 gold pieces
  7235 | D:6      | Noticed a cyclops
  7304 | D:6      | Noticed a green ugly thing
  7380 | D:6      | Killed a cyclops
  7381 | D:6      | Reached XP level 9. HP: 29/56 MP: 1/15
  7662 | D:6      | Killed a green ugly thing
  7887 | D:6      | You fall into a shaft and drop 3 floors!
  8453 | D:8      | Reached XP level 10. HP: 14/64 MP: 2/16
  8959 | D:7      | Found a transporter.
  8959 | D:7      | Noticed hitsuchi's ghost (novice MeWn)
  9037 | D:7      | Noticed Pikel
  9048 | D:7      | Killed Pikel
  9058 | D:7      | Found a staircase to the Ecumenical Temple.
  9082 | Temple   | Entered the Ecumenical Temple
  9105 | Temple   | Became a worshipper of Vehumet
  9176 | D:7      | Found a flagged portal.
  9186 | Bailey   | Entered a bailey
  9645 | Bailey   | Reached * piety under Vehumet
  9645 | Bailey   | Offered knowledge of Freeze by Vehumet.
  9813 | Bailey   | Reached skill level 1 in Evocations
 10055 | Bailey   | Noticed an orc knight
 10073 | Bailey   | Killed an orc knight
 10074 | Bailey   | Reached skill level 1 in Armour
 10948 | D:7      | Killed hitsuchi's ghost
 10949 | D:7      | Reached XP level 11. HP: 53/71 MP: 2/17
 11043 | D:7      | Found a transporter.
 11649 | D:8      | Found a shimmering blue altar of Sif Muna.
 11874 | D:9      | Noticed a two-headed ogre
 11882 | D:9      | Killed a two-headed ogre
 11883 | D:9      | Reached skill level 10 in Conjurations
 12890 | D:10     | Entered Level 10 of the Dungeon
 12890 | D:10     | Noticed a two-headed ogre
 12897 | D:10     | Killed a two-headed ogre
 12961 | D:10     | Reached skill level 10 in Fighting
 13212 | D:10     | Found Ecrois's Jewellery Emporium.
 13218 | D:10     | Bought a ring of magical power for 260 gold pieces
 13253 | D:10     | Reached ** piety under Vehumet
 13268 | D:10     | Offered knowledge of Static Discharge by Vehumet.
 13311 | D:10     | Noticed Essalna's ghost (journeyman GrEE)
 13359 | D:10     | Found a runed translucent door.
 13399 | D:10     | Noticed a manticore
 13404 | D:10     | Killed a manticore
 13460 | D:10     | Noticed a centaur warrior
 13466 | D:10     | Reached skill level 10 in Fire Magic
 13469 | D:10     | Killed a centaur warrior
 13567 | D:10     | Found a staircase to the Lair.
 13759 | D:10     | Found a staircase to the Orcish Mines.
 13906 | D:10     | Noticed a sun demon
 14043 | D:10     | Found a sparkling altar of Nemelex Xobeh.
 14043 | D:10     | Found a glowing golden altar of the Shining One.
 14043 | D:10     | Found an ancient bone altar of Kikubaaqudgha.
 14130 | D:11     | Noticed a two-headed ogre
 14135 | D:11     | Killed a two-headed ogre
 14136 | D:11     | Reached skill level 5 in Armour
 14136 | D:11     | Reached XP level 12. HP: 78/78 MP: 18/18
 14271 | D:11     | Offered knowledge of Frozen Ramparts by Vehumet.
 14334 | D:11     | Noticed Maurice
 14339 | D:11     | Maurice stole 248 gold
 14341 | D:11     | Killed Maurice
 14445 | D:11     | Noticed a two-headed ogre
 14453 | D:11     | Killed a two-headed ogre
 14621 | D:11     | Reached *** piety under Vehumet
 14683 | D:11     | Noticed a two-headed ogre
 14688 | D:11     | Killed a two-headed ogre
 15052 | D:12     | Noticed a boulder beetle
 15149 | Orc:1    | Entered Level 1 of the Orcish Mines
 15161 | Orc:1    | Noticed an orc warlord
 15167 | Orc:1    | Reached skill level 5 in Dodging
 15197 | Lair:1   | Entered Level 1 of the Lair of Beasts
 15496 | Lair:1   | Noticed an eight-headed hydra
 15645 | Lair:1   | Killed an eight-headed hydra
 15758 | Lair:1   | Noticed a death yak
 15893 | Lair:1   | Killed a death yak
 16101 | Lair:1   | Offered knowledge of Iskenderun's Mystic Blast by Vehumet.
 16246 | Lair:1   | Reached XP level 13. HP: 76/84 MP: 16/19
 16501 | Lair:1   | Reached **** piety under Vehumet
 17334 | Lair:1   | Offered knowledge of Olgreb's Toxic Radiance by Vehumet.
 17664 | Lair:2   | Found a gate leading to a gauntlet.
 17693 | Gauntlet | Entered a Gauntlet
 17693 | Gauntlet | Found a transporter.
 17700 | Gauntlet | Found a transporter.
 17702 | Gauntlet | Found a transporter.
 17713 | Gauntlet | Found a transporter.
 17716 | Gauntlet | Found a transporter.
 17726 | Gauntlet | Found a transporter.
 17742 | Gauntlet | Found a transporter.
 17754 | Gauntlet | Found a transporter.
 17761 | Gauntlet | Found a runed translucent gate.
 17761 | Gauntlet | Found a runed translucent gate.
 17761 | Gauntlet | Found a runed translucent gate.
 17765 | Gauntlet | Found a transporter.
 17769 | Gauntlet | Noticed a quicksilver ooze
 17779 | Gauntlet | Found a transporter.
 17789 | Gauntlet | Found a runed translucent door.
 17792 | Gauntlet | Found a transporter.
 17792 | Gauntlet | Found a transporter.
 17798 | Gauntlet | Found a runed translucent door.
 17906 | Gauntlet | Found a transporter.
 18113 | Gauntlet | Identified the ring "Viwkon" {rElec Str+6}
 18131 | Gauntlet | Noticed a minotaur
 18136 | Gauntlet | Killed a minotaur
 18323 | Lair:2   | Noticed Harold
 18342 | Lair:2   | Killed Harold
 18567 | Lair:2   | Found a runed translucent gate.
 18567 | Lair:2   | Found a runed translucent gate.
 18567 | Lair:2   | Found a runed translucent gate.
 18568 | Lair:2   | Noticed Jaike's ghost (journeyman DjCA)
 18701 | Lair:2   | Reached ***** piety under Vehumet
 19073 | Lair:2   | Found a staircase to the Swamp.
 19262 | Lair:2   | Noticed Mindmass's ghost (journeyman HuCj)
 19375 | Lair:3   | Offered knowledge of Conjure Ball Lightning by Vehumet.
 19412 | Lair:3   | Gained mutation: Your large and strong wings let you fly.
                  | [Gargoyle growth]
 19412 | Lair:3   | Reached XP level 14. HP: 89/92 MP: 20/20
 19865 | Lair:3   | Found a hole to the Spider Nest.
 21108 | Lair:5   | Entered Level 5 of the Lair of Beasts
 21650 | Lair:5   | Found a staircase to the Slime Pits.
 21650 | Lair:5   | Found a viscous altar of Jiyva.
 21869 | Lair:5   | Found a runed translucent door.
 22907 | Lair:2   | Killed Mindmass's ghost
 23022 | Lair:2   | Slain by Jaike's ghost

Illustrated notes

Levels and vault maps discovered:
D:1:      dpeg_arrival_ratfight, layout_basic, st_stairs_2
D:2:      layout_basic, grunt_ministairs_12, minmay_tetromino_s2
D:3:      cheibrodos_old_hovel, layout_basic,
          chequers_temple_overflow_minitemple, serial_rivers,
          chequers_serial_rivers_micro_e, chequers_serial_rivers_large_b,
          chequers_serial_rivers_micro_d, chequers_serial_rivers_micro_b
D:4:      nicolae_cairo_tiling_very_big, layout_layer_cave, serial_shops,
          nicolae_shop_tiny_statue_garden, serial_bayou_pond_b,
          minmay_fire_ice_demons
D:5:      layout_basic, serial_shops, nicolae_shop_tiny_glass, minmay_puff,
          uniq_blork_the_orc
D:6:      layout_basic, nicolae_overflow_hidden_temple, serial_shops, shop,
          chequers_serial_rivers_small_b, solitary_fountain, kb_rosetta
D:7:      layout_loops_corners, minmay_temple_entry_nine_rooms,
          gammafunk_ghost_stat_death, lightli_bailey_entry_fortress, uniq_pikel
D:8:      layout_loops_cross, kennysheep_mini
D:9:      layout_basic, minivault_4
D:10:     layout_roguey, gammafunk_temple_overflow_claw,
          minmay_lair_entry_grove, hellmonk_ghost_big_iron, serial_shops,
          nicolae_shop_gaudy_bauble
D:11:     layout_roguey, uniq_maurice
D:12:     layout_grid_maze
Temple:   minmay_temple_curvy_branch
Lair:1:   minmay_lair_oklob_tunnel, layout_long_grid, nzn_random_ring,
          serial_bayou_shore_a
Lair:2:   layout_cellular_growth, minmay_swamp_entry_worms,
          nicolae_volcano_entry_lava_flow, gammafunk_ghost_cemetery,
          gauntlet_entry_generic, lemuel_fruit_tree, uniq_harold
Lair:3:   layout_regular_city, spider_nest_entry_rubble, st_stairs_13,
          gammafunk_lair_bear_cave
Lair:4:   layout_cave_pods, minmay_holes
Lair:5:   wormcave, layout_gridlike, slime_entry_1, nzn_sisyphean_effort,
          grunt_megastairs_1, infiniplex_staircase_pool_2
Orc:1:    layout_caves, nicolae_orc_lava_room, uniq_fannar

Skill      XL: |  1  2  3  4  5  6  7  8  9 10 11 12 13 14 |
---------------+-------------------------------------------+-----
Conjurations   | 2 3 4 5 6 8 9 10 11 12 14 | 14.1
Fighting       | 1 2 3 4 6 8 9 10 11 12 14 | 14.0
Spellcasting   | 3 4 |  4.0
Fire Magic     | 4 5 6 8 9 10 11 12 13 | 13.3
Evocations     | 2 4 |  4.0
Armour         | 2 5 7 8 |  8.4
Dodging        | 2 4 5 7 |  7.0
Stealth        | |  2.1

Action                     |  1- 3 |  4- 6 |  7- 9 | 10-12 | 13-15 || total
---------------------------+-------+-------+-------+-------+-------++-------
  Melee: Unarmed           |     5 |       |       |       |       ||     5
         Mace              |    10 |    12 |       |       |       ||    22
         Punch             |     1 |       |       |     1 |     1 ||     3
         Lajatang          |       |    23 |       |       |       ||    23
         Long sword        |       |     8 |    69 |   117 |    96 ||   290
         Maul              |       |       |       |       |     6 ||     6
   Cast: Foxfire           |    84 |   119 |   112 |   248 |   201 ||   764
         Scorch            |       |       |    30 |    83 |    76 ||   189
         Flame Wave        |       |       |     6 |    47 |    64 ||   117
  Evoke: Wand              |       |       |       |     8 |       ||     8
         Lightning rod     |       |       |       |       |     3 ||     3
    Use: Scroll            |       |       |     7 |     8 |     9 ||    24
         Potion            |       |       |     3 |     1 |     1 ||     5
   Stab: Sleeping          |     1 |     1 |       |     1 |     1 ||     4
         Distracted        |       |       |       |       |     1 ||     1
 Armour: Robe              |    19 |    38 |    89 |    71 |       ||   217
         Troll leather arm |       |       |       |   164 |   251 ||   415
  Dodge: Dodged            |    15 |    23 |    78 |   295 |   295 ||   706

Table legend: (Time is in decaauts)
 A = Elapsed time spent in this place.
 B = Non-inter-level travel time spent in this place.
 C = Inter-level travel time spent in this place.
 D = Time resting spent in this place.
 E = Time spent auto-exploring this place.
 F = Levels seen in this place.
 G = Mean time per level.
                   A        B        C        D        E       F      G
               +--------+--------+--------+--------+--------+-----+--------+
         Total |  23254 |  21976 |   1278 |    329 |  18060 |  21 | 1107.3 |
       Dungeon |  14210 |  13293 |    917 |    251 |  11049 |  12 | 1184.2 |
        Temple |     45 |      2 |     43 |      0 |      0 |   1 |   45.0 |
          Lair |   7376 |   7058 |    318 |     78 |   5819 |   5 | 1475.2 |
  Orcish Mines |     19 |     19 |      0 |      0 |      1 |   1 |   19.0 |
        Bailey |   1065 |   1065 |      0 |      0 |    847 |   1 | 1065.0 |
      Gauntlet |    537 |    537 |      0 |      0 |    343 |   1 |  537.0 |
               +--------+--------+--------+--------+--------+-----+--------+

Top non-repeatable levels by time:
  Lair:1: 2504 daAuts
     D:5: 1892 daAuts
  Lair:5: 1727 daAuts
     D:3: 1604 daAuts
     D:4: 1426 daAuts
     D:1: 1416 daAuts
  Lair:2: 1330 daAuts
    D:10: 1314 daAuts
     D:7: 1200 daAuts
     D:8: 1144 daAuts
     D:6: 1086 daAuts
     D:2: 1067 daAuts
  Bailey: 1065 daAuts
     D:9: 1054 daAuts
  Lair:4: 982 daAuts
